 Dungeon Crawl Stone Soup version 0.26-a0-651-gb41185065b (webtiles) character file.

Game seed: 3263415746623980309

223 Irenicus the Geomancer (level 5, 20/42 HPs)
             Began as a Deep Dwarf Earth Elementalist on Oct 28, 2020.
             Quit the game on level 3 of the Dungeon.
             The game lasted 00:05:25 (1825 turns).

Irenicus the Geomancer (DDEE)                       Turns: 1825, Time: 00:05:26

Health: 20/42      AC:  4    Str:  9 (11) XL:     5   Next: 66%
Magic:  7/7        EV: 12    Int: 16 (17) God:
Gold:   116        SH:  0    Dex: 12 (13) Spells: 4/7 levels left

rFire    . . .     SeeInvis .   l - +0 dagger (elec)
rCold    . . .     Faith    .   (no shield)
rNeg     . . .     Spirit   .   q - +0 leather armour
rPois    .         Reflect  .   (no helmet)
rElec    .         Harm     .   (no cloak)
rCorr    .         Rampage  .   e - +0 pair of gloves
MR       .....                  (no boots)
Stlth    ++........             (no amulet)
HPRegen  0.00/turn              (no ring)
MPRegen  0.10/turn              (no ring)

@: non-regenerating
A: damage resistance, heal wounds, sense surroundings 1, no regeneration
a: Heal Wounds


You were on level 3 of the Dungeon.
You visited 1 branch of the dungeon, and saw 3 of its levels.

You collected 116 gold pieces.

Inventory:

Hand Weapons
 l - a +0 dagger of electrocution (weapon)
   (You took it off a goblin on level 1 of the Dungeon)
Armour
 e - a +0 pair of gloves (worn)
   (You found it on level 1 of the Dungeon)
 q - a +0 leather armour (worn)
   (You found it on level 2 of the Dungeon)
Scrolls
 a - 2 scrolls of teleportation {unknown}
 c - a scroll of enchant weapon {unknown}
 f - a scroll of magic mapping {!r}
 h - a scroll of fog {unknown}
 j - a scroll of noise {unknown}
 k - 3 scrolls of identify {unknown}
 n - 2 scrolls of immolation {!r}
Potions
 i - a potion of curing
 o - a potion of ambrosia
 p - a potion of heal wounds


   Skills:
 - Level 2.1 Dodging
 - Level 2.4 Stealth
 - Level 1.7 Spellcasting
 - Level 0.8 Transmutations
 + Level 8.5 Earth Magic


You had 4 spell levels left.
You knew the following spells:

 Your Spells              Type           Power        Failure   Level
a - Sandblast             Erth           ####..       1%          1
w - Passwall              Tmut/Erth      ###.....     7%          2

Your spell library contained the following spells:

 Spells                   Type           Power        Failure   Level
 Stone Arrow              Conj/Erth      ###...       16%         3
 Petrify                  Tmut/Erth      ###.....     41%         4
 Lee's Rapid Deconstruct  Erth           ####......   24%         5


Dungeon Overview and Level Annotations

Branches:
Dungeon (3/15)

Altars:


Innate Abilities, Weirdness & Mutations

You are resistant to damage.
You can heal yourself by infusing magical energy.
You passively map a small area around you.
You do not regenerate.


Message History

You have reached level 5!
The bat barely misses you. The adder barely misses you. The quokka bites you.
The adder closely misses you.
You regained 2 hp, and now have 15/42 hp.
MP restored: 7 It was a potion of curing.
You feel better. The bat closely misses you. The quokka misses you.
The adder barely misses you.
You regained 9 hp, and now have 24/42 hp.
The bat closely misses you. The quokka barely misses you.
The adder closely misses you.
A goblin comes into view. It is wielding a +0 club.
The quokka closely misses you.
Things that are here:
a cursed -3 giant club; an ogre corpse You completely miss the adder.
The adder is moderately wounded.
The bat barely misses you. x2; The adder closely misses you.
The quokka bites you.
The goblin shouts!
You hit the adder. Lightning courses through the adder!
You kill the adder!
The bat hits you but does no damage. The quokka misses you.
You closely miss the quokka. The quokka misses you. The bat hits you.
You hit the bat. Lightning courses through the bat!
You kill the bat!
The quokka bites you but does no damage.
You barely miss the quokka.
The quokka bites you but does no damage.
The quokka closely misses you.
You completely miss the quokka. The quokka barely misses you.
You hit the goblin.
The goblin is moderately wounded.
The quokka misses you. The goblin hits you with a +0 club.
You barely miss the goblin.
The goblin is moderately wounded.
The quokka barely misses you. The goblin hits you with a +0 club.
You take 2 damage, and have 22/42 hp.
You hit the goblin.
The goblin is almost dead.
The quokka closely misses you. The goblin hits you with a +0 club.
You barely miss the goblin.
The goblin is almost dead.
The quokka barely misses you. The quokka bites you.
You take 1 damage, and have 21/42 hp.
You miss the goblin.
The goblin is almost dead.
The goblin barely misses you. The quokka misses you.
You barely miss the goblin.
The goblin is almost dead.
The goblin hits you with a +0 club. The quokka completely misses you.
You take 1 damage, and have 20/42 hp.
You hit the goblin.
You kill the goblin!
The quokka barely misses you.
You closely miss the quokka. The quokka bites you.
You barely miss the quokka.
The quokka bites you but does no damage.
The quokka closely misses you.
You hit the quokka.
The quokka is severely wounded.
The quokka bites you.
You hit the quokka. Lightning courses through the quokka!
You kill the quokka!
You feel less ready to backstab.
No target in view!
No target in view!
No target in view!
No target in view!
No target in view!
No target in view!
No target in view!
No target in view!
No target in view!
No target in view!
You see here a +0 club.
You are starting to lose your buoyancy.
You now have 116 gold pieces (gained 9).
k - 3 scrolls labeled ZOYSTRASKE (gained 1)
You float gracefully downwards.
A goblin comes into view. It is wielding a +0 club.
A goblin is nearby!
Things that are here:
21 poisoned darts; 11 gold pieces
Casting: Sandblast (safe; 1% risk of failure)
Confirm with . or Enter, or press ? or * to list all spells.
Aiming: Sandblast (safe; 1% risk of failure)
Press: ? - help, Shift-Dir - straight line, f - goblin
Aim: a goblin, wielding a +0 club You don't have any stones to cast with.
Casting: Sandblast (safe; 1% risk of failure)
Confirm with . or Enter, or press ? or * to list all spells.
Aiming: Sandblast (safe; 1% risk of failure)
Press: ? - help, Shift-Dir - straight line, f/p - goblin
Aim: a goblin, wielding a +0 club You don't have any stones to cast with.
You barely miss the goblin. The goblin barely misses you.
You hit the goblin. Lightning courses through the goblin!
You kill the goblin!
You see here a +0 club.
Are you sure you want to abandon this character and quit the game? (Confirm with "yes".)

############
#.....(....#
#..........###
#.....@.......
#..........### ,
#..........#
*#######.####..#
* , .#.....#.###
.##
...........#*.#
♣♣♣.......# .# *
♣♣......# .# *.
* * ♣......##.#
#..


There were no monsters in sight!

Vanquished Creatures
  An ogre (D:3)
  Natasha (twice) (D:2)
  4 adders
  An ooze (D:1)
  A dart slug (D:2)
  A worm (D:2)
  A leopard gecko (D:2)
  4 bats
  10 hobgoblins
  3 jackals (D:1)
  2 quokkas
  A frilled lizard (D:1)
  7 goblins
  4 kobolds
  5 rats
47 creatures vanquished.

Notes
Turn   | Place    | Note
-------+----------+-------------------------------------------
     0 | D:1      | Irenicus the Deep Dwarf Earth Elementalist began the quest
                  | for the Orb.
     0 | D:1      | Reached XP level 1. HP: 15/15 MP: 3/3
   199 | D:1      | Reached XP level 2. HP: 20/22 MP: 2/4
   344 | D:2      | Reached skill level 5 in Earth Magic
   551 | D:1      | Learned a level 2 spell: Passwall
   716 | D:1      | Reached XP level 3. HP: 24/28 MP: 3/5
  1512 | D:2      | Reached skill level 6 in Earth Magic
  1521 | D:2      | Noticed Natasha
  1527 | D:2      | Killed Natasha
  1527 | D:2      | Reached XP level 4. HP: 30/36 MP: 2/6
  1742 | D:2      | Noticed Natasha
  1748 | D:2      | Killed Natasha
  1748 | D:2      | Reached skill level 7 in Earth Magic
  1763 | D:3      | Noticed an ogre
  1777 | D:3      | HP: 7/36 [ogre/cursed -3 giant club (18)]
  1784 | D:3      | Killed an ogre
  1784 | D:3      | Reached skill level 8 in Earth Magic
  1784 | D:3      | Reached XP level 5. HP: 15/42 MP: 7/7
  1825 | D:3      | Quit the game

Illustrated notes

Levels and vault maps discovered:
D:1:      minmay_arrival_floating_metal, layout_basic, serial_forest,
          infiniplex_forest_straight_2, infiniplex_forest_lined_ring,
          infiniplex_forest_zigzag_1, infiniplex_forest_zigzag_1,
          infiniplex_forest_lined_ring, infiniplex_forest_lined_room_3,
          infiniplex_forest_clump_small
D:2:      layout_loops_ring, uniq_natasha
D:3:      layout_rooms, gammafunk_ghost_smash, nrook_campfire

Skill      XL: |  1  2  3  4 |
---------------+-------------+-----
Earth Magic    | 5 6 8 |  8.5
Dodging        | |  2.1
Stealth        | |  2.4
Spellcasting   | |  1.7
Transmutations | |  0.8

Action                   |  1- 3 |  4- 6 || total
-------------------------+-------+-------++-------
Melee: Unarmed           |     5 |       ||     5
       Club              |    10 |       ||    10
       Dagger            |       |    36 ||    36
Throw: Throwing net      |     1 |       ||     1
 Cast: Sandblast         |    33 |    18 ||    51
       Passwall          |     2 |       ||     2
  Use: Potion            |       |     6 ||     6
       Scroll            |       |     2 ||     2
 Stab: Sleeping          |     1 |       ||     1
Armor: Robe              |     4 |       ||     4
       Leather armour    |       |    18 ||    18
Dodge: Dodged            |    17 |    70 ||    87

Table legend: (Time is in decaauts)
 A = Elapsed time spent in this place.
 B = Non-inter-level travel time spent in this place.
 C = Inter-level travel time spent in this place.
 D = Time resting spent in this place.
 E = Time spent auto-exploring this place.
 F = Levels seen in this place.
 G = Mean time per level.
                   A        B        C        D        E       F      G
               +--------+--------+--------+--------+--------+-----+--------+
         Total |   1846 |   1818 |     28 |      0 |    973 |   3 |  615.3 |
       Dungeon |   1846 |   1818 |     28 |      0 |    973 |   3 |  615.3 |
               +--------+--------+--------+--------+--------+-----+--------+

Top non-repeatable levels by time:
     D:1: 1421 daAuts
     D:2: 358 daAuts
     D:3: 66 daAuts

Table legend:
 A = Kills in this place as a percentage of kills in entire the game.
 B = Kills by you in this place as a percentage of kills by you in the entire game.
 C = Kills by friends in this place as a percentage of kills by friends in the entire game.
 D = Other kills in this place as a percentage of other kills in the entire game.
 E = Experience gained in this place as a percentage of experience gained in the entire game.
 F = Experience gained in this place divided by the number of levels of this place that you have seen.
                   A       B       C       D       E      F
               +-------+-------+-------+-------+-------+----------------------
         Total | 100.0 | 100.0 |   N/A |   N/A | 100.0 | 106.3
       Dungeon | 100.0 | 100.0 |   N/A |   N/A | 100.0 | 106.3
               +-------+-------+-------+-------+-------+----------------------
